 Dungeon Crawl Stone Soup version 0.30.1-4-g462c640d31 (webtiles) character file.

Game seed: 8717615033844500805

276 Babbit the Conjurer (level 6, -2/33 HPs)
             Began as a Deep Elf Conjurer on Aug 23, 2023.
             Slain by a wraith (10 damage)
             ... in an ossuary.
             The game lasted 00:20:33 (4130 turns).

Babbit the Conjurer (Deep Elf Conjurer)             Turns: 4130, Time: 00:20:34

Health: -2/33      AC:  3    Str:  4    XL:     6   Next: 4%
Magic:  15/15      EV: 12    Int: 25    God:
Gold:   205        SH:  0    Dex: 13    Spells: 12/15 levels left

rFire   . . .        r - staff of poison
rCold   . . .        (no shield)
rNeg    . . .        a - +0 robe
rPois   +            (no helmet)
rElec   .            d - +0 cloak
rCorr   .            (no gloves)
SInv    .            (no boots)
Will    .....        (no amulet)
Stlth   ++           (no ring)
HPRegen 0.25/turn    (no ring)
MPRegen 0.14/turn

%: no passive effects
@: slowed, very slow
A: no striking features
a: no special abilities


You were in an ossuary.
You visited 1 branch of the dungeon, and saw 4 of its levels.
You also visited: Ossuary.

You collected 205 gold pieces.

Inventory:

Hand Weapons
 l - a +2 dagger of electrocution
Missiles
 m - 2 javelins
Armour
 a - a +0 robe (worn)
 d - a +0 cloak (worn)
Magical Staves
 r - a staff of poison (weapon)
Scrolls
 c - a scroll of poison {unknown}
 e - a scroll of vulnerability {unknown}
 g - a scroll of immolation {unknown}
 i - a scroll of fog {unknown}
 n - a scroll of teleportation
 s - a scroll of magic mapping
 t - a scroll of fear {unknown}
 x - a scroll of noise {unknown}
 y - a scroll of acquirement {unknown}
Potions
 f - a potion of cancellation {unknown}
 h - a potion of resistance {unknown}
 j - 2 potions of curing {unknown}
 k - a potion of flight {unknown}
 o - a potion of attraction {unknown}
 q - a potion of haste {unknown}
 v - a potion of lignification {unknown}
 w - a potion of ambrosia {unknown}
 z - a potion of heal wounds {unknown}


   Skills:
 + Level 0.3 Fighting
 + Level 0.1 Short Blades
 + Level 3.0 Dodging
 + Level 3.5 Stealth
 + Level 5.2 Spellcasting
 + Level 6.4 Conjurations


You had 12 spell levels left.
You knew the following spells:

 Your Spells              Type           Power      Damage    Failure   Level
a - Magic Dart            Conj           100%       1d8       1%          1
b - Searing Ray           Conj           76%        2d7       1%          2

Your spell library contained the following spells:

 Spells                   Type           Power      Damage    Failure   Level
 Dazzling Flash           Conj/Hex       44%        N/A       6%          3
 Summon Small Mammal      Summ           24%        N/A       9%          1
 Fulminant Prism          Conj/Hex       11%        3d8       22%         4
 Iskenderun's Mystic Bla  Conj/Tloc      22%        2d6       22%         4
 Call Canine Familiar     Summ           6%         N/A       24%         3
 Frozen Ramparts          Ice            12%        1d2       24%         3
 Summon Guardian Golem    Hex/Summ       6%         N/A       24%         3
 Ice Form                 Ice/Tmut       6%         N/A       63%         4
 Summon Ice Beast         Ice/Summ       6%         N/A       63%         4


Dungeon Overview and Level Annotations

Branches:
Dungeon (4/15)            Ossuary (1/1)
 Temple: D:4-7

Altars:
Ashenzari
Nemelex Xobeh


Message History

The magic dart hits the wraith.
The wraith is moderately damaged.
The wraith barely misses you. x2
Okay, then.
Aiming: Magic Dart (safe; 1% risk of failure)
Press: ? - help, Q - select action, (/) - cycle Shift-Dir - straight line, f/p - wraith
Aim: a wraith (moderately damaged, 100% to hit)
The magic dart hits the wraith.
The wraith is moderately damaged.
The wraith closely misses you.
Aiming: Magic Dart (safe; 1% risk of failure)
Press: ? - help, Q - select action, (/) - cycle Shift-Dir - straight line, f/p - wraith
Aim: a wraith (moderately damaged, 100% to hit)
The magic dart hits the wraith.
The wraith is heavily damaged.
The wraith closely misses you. The wraith misses you.
Aiming: Magic Dart (safe; 1% risk of failure)
Press: ? - help, Q - select action, (/) - cycle Shift-Dir - straight line, f/p - wraith
Aim: a wraith (heavily damaged, 100% to hit)
The magic dart hits the wraith.
The wraith is severely damaged.
The wraith hits you! The wraith drains your vigour!
You feel as though you will be slow longer.
Aiming: Magic Dart (safe; 1% risk of failure)
Press: ? - help, Q - select action, (/) - cycle Shift-Dir - straight line, f/p - wraith
Aim: a wraith (severely damaged, 100% to hit)
The magic dart hits the wraith but does no damage.
The wraith is severely damaged.
The wraith barely misses you. x2
Aiming: Magic Dart (safe; 1% risk of failure)
Press: ? - help, Q - select action, (/) - cycle Shift-Dir - straight line, f/p - wraith
Aim: a wraith (severely damaged, 100% to hit)
The magic dart hits the wraith.
The wraith is severely damaged.
The wraith hits you!
* * * LOW HITPOINT WARNING * * *
The wraith drains your vigour!
You feel as though you will be slow longer.
Magic courses through your body. The wraith hits you!
You die...

##########################
#.........................
#.∩.....................∩.
#.......#####+#####.......
#......##....,,,,,##......
#.....##...#####.,,##.....
#....##...##...##,,,##....
#....#...##.!!..#*,,,#....
#....'...@W..!!?.*,,,+....
#....#...##.??!.#*,,,#....
#....##...##...##,,,##....
#.....##...#####.,,##.....
#......##.....,,,,##......
#.......#####+#####.......
#.∩.....................∩.
#.........................
############'''###########


You could see a wraith.

Vanquished Creatures
  2 hounds (D:4)
  An iguana (D:4)
  An orc wizard (D:3)
  2 mummies
  A gnoll (D:1)
  4 adders
  A worm (D:2)
  4 dart slugs
  7 orcs (D:3)
  3 endoplasms
  4 hobgoblins
  7 jackals
  5 kobolds
  5 ball pythons
  3 bats
  3 frilled lizards
  6 gnoll skeletons (Ossuary)
  7 goblins
  8 kobold skeletons (Ossuary)
  11 orc skeletons (Ossuary)
  3 rats
88 creatures vanquished.

Notes
Turn   | Place    | Note
-------+----------+-------------------------------------------
     0 | D:1      | Babbit the Deep Elf Conjurer began the quest for the Orb.
     0 | D:1      | Reached XP level 1. HP: 10/10 MP: 6/6
   177 | D:1      | Reached XP level 2. HP: 15/15 MP: 4/8
   298 | D:1      | Reached skill level 5 in Conjurations
  1007 | D:2      | Reached XP level 3. HP: 19/19 MP: 6/9
  1218 | D:2      | Learned a level 2 spell: Searing Ray
  1904 | D:3      | Found a faded altar of an unknown god.
  2194 | D:3      | Reached XP level 4. HP: 24/24 MP: 7/11
  2593 | D:3      | Reached skill level 6 in Conjurations
  2947 | D:3      | Found a sparkling altar of Nemelex Xobeh.
  3147 | D:4      | Reached XP level 5. HP: 28/28 MP: 7/13
  3413 | D:4      | Reached skill level 5 in Spellcasting
  3460 | D:4      | Found a broken altar of Ashenzari.
  3515 | D:4      | Found a sand-covered staircase.
  3528 | Ossuary  | Entered an ossuary
  3528 | Ossuary  | Noticed a wraith
  3528 | Ossuary  | Noticed a wraith
  3528 | Ossuary  | Noticed a wraith
  3797 | Ossuary  | Reached XP level 6. HP: 33/33 MP: 13/15
  4114 | Ossuary  | Noticed a wraith
  4130 | Ossuary  | Slain by a wraith

Illustrated notes

Levels and vault maps discovered:
D:1:      dpeg_arrival_round_a, layout_loops_ring, minmay_ruptured
D:2:      layout_basic
D:3:      layout_loops_ring, nemelex_dance_club_becter,
          shapermc_ecumenical_altar_starsandcircs
D:4:      kennysheep_big_flooded_room, layout_loops_ring, marbit_many_paths,
          gup_ossuary_entry_pyramid, uniq_edmund
Ossuary:  ossuary_due_mausoleum

Skill      XL: |  1  2  3  4  5 |
---------------+----------------+-----
Conjurations   | 5 6 |  6.4
Stealth        | 3 |  3.5
Spellcasting   | 4 5 |  5.2
Dodging        | 3 |  3.0
Fighting       | |  0.3
Short Blades   | |  0.1

Action                     |  1- 3 |  4- 6 || total
---------------------------+-------+-------++-------
  Melee: Dagger            |    10 |       ||    10
   Cast: Magic Dart        |    69 |   119 ||   188
         Searing Ray       |     1 |     5 ||     6
    Use: Potion            |     1 |     1 ||     2
         Scroll            |       |     4 ||     4
 Armour: Robe              |    10 |     3 ||    13
  Dodge: Dodged            |    22 |    21 ||    43
